Cogmind - Beta 9.6 @@@ ROGUE MODE // 2020.08.27 @ 18:48:31 Player: Bokkiewokkie Result: Destroyed by S-10 Pest with Light Assault Rifle Performance ------------- Evolutions (1) 500 Regions Visited (2) 400 Robots Destroyed (3) 15 Value Destroyed (91) 91 Prototype IDs (0) 0 Alien Tech Used (0) 0 Bonus (200) 200 TOTAL SCORE: 1206 Bonus ------- Pacifist 200 Cogmind --------- Core Integrity 0/400 Matter 239/300 Energy 98/100 System Corruption 0% Temperature Cool (0) Movement Core (50) Location -9/Materials Parts ------- > --- POWER (2) -------- (None) > --- PROPULSION (3) --- (None) > --- UTILITY (2) ------ (None) > --- WEAPON (2) ------- (None) > --- INVENTORY (4) ---- Improved Ion Engine Light Nuclear Core Peak State ------------ > --- POWER ------------ Improved Ion Engine Light Nuclear Core > --- PROPULSION ------- (None) > --- UTILITY ---------- (None) > --- WEAPON ----------- Medium Laser > --- INVENTORY -------- (None) [Rating: 6] Favorites ----------- Power Improved Ion Engine Engine Improved Ion Engine Power Core Light Nuclear Core Propulsion None Utility None Weapon Medium Laser Energy Gun Medium Laser Build | -11 -10 -9 ------- Run | Scr Mat Mat Slots Evolved 2 | . . 2 Power 1 | . . 1 Propulsion 1 | . . 1 Utility . | . . . Weapon . | . . . Parts Attached 7 | . 3 4 Power 2 | . . 2 Engine 1 | . . 1 Core 1 | . . 1 Reactor . | . . . Propulsion . | . . . Treads . | . . . Leg . | . . . Wheel . | . . . Hover . | . . . Flight . | . . . Utility . | . . . Device . | . . . Storage . | . . . Processor . | . . . Hackware . | . . . Protection . | . . . Artifact . | . . . Weapon 5 | . 3 2 Energy Gun 5 | . 3 2 Energy Cannon . | . . . Ballistic Gun . | . . . Ballistic Cannon . | . . . Launcher . | . . . Special Weapon . | . . . Impact Weapon . | . . . Slashing Weapon . | . . . Piercing Weapon . | . . . Special Melee Weapon . | . . . Unidentified Prototypes . | . . . Parts Lost 2 | . 1 1 Power . | . . . Propulsion . | . . . Utility . | . . . Weapon 2 | . 1 1 Highest Loss Streak 1 | . 1 1 Average Slot Usage (%) 6 | . 9 4 Engine 1 | . . 1 Energy Gun 4 | . 9 1 Naked Turns 161 | . 22 139 Heaviest Build 14 | . 2 14 Greatest Support 3 | 3 3 3 Greatest Overweight (x) 4 | . . 4 Average Overweight (x) . | . . . Largest Inventory Capacity 4 | 4 4 4 Average Capacity 4 | 4 4 4 Most Carried 3 | 1 1 3 Average Carried 1 | . . 1 Final Capacity 4 | 4 4 4 Final Carried 2 | 1 1 2 Class Distribution -------------------- 100% | Mutant Dominant Class ---------------- Mutant | -10/Materials Mutant | -9/Materials Resources | -11 -10 -9 ----------- Run | Scr Mat Mat Matter Collected 172 | 137 17 18 Remotely . | . . . Salvage Created 119 | . . 119 Parts 6 | . . 6 Haulers Intercepted . | . . . Recyclers Shooed . | . . . Parts Field Recycled . | . . . Retrieved Matter . | . . . Parts Self-Destructed . | . . . Prevented . | . . . Kills | -11 -10 -9 ------- Run | Scr Mat Mat Combat Hostiles Destroyed 3 | . . 3 Melee 1 | . . 1 Guns 2 | . . 2 Classes Destroyed 2 | . . 2 Swarmer 1 | . . 1 Grunt 2 | . . 2 Best Kill Streak 1 | . . 1 Combat Bots Only 1 | . . 1 Max Kills in Single Turn 1 | . . 1 Gunslinging . | . . . Exploded . | . . . Melee 1 | . . 1 Uniques/NPCs Destroyed . | . . . Combat | -11 -10 -9 -------- Run | Scr Mat Mat Damage Taken 632 | . 143 489 Core 500 | . 100 400 Absorbed by Shields . | . . . Core Remaining (%) 80 | 100 60 . Volleys Fired 22 | . 13 9 Largest 1 | . 1 1 Hottest 50 | . 50 50 Shots Fired 22 | . 13 9 Gun 22 | . 13 9 Cannon . | . . . Launcher . | . . . Special . | . . . Kinetic . | . . . Thermal 16 | . 7 9 Explosive . | . . . Electromagnetic 6 | . 6 . Robot Hit Streak 4 | . 4 4 Robot Miss Streak 2 | . 2 1 Penetration Max . | . . . Secondary Targets . | . . . Shots Hit Robots 15 | . 8 7 Core Hits 7 | . 1 6 Critical Hits . | . . . Critical Kills . | . . . Critical Parts Destroyed . | . . . Melee Attacks . | . . . Impact . | . . . Slashing . | . . . Piercing . | . . . Sneak Attacks . | . . . Combat Hostiles . | . . . Follow-up Attacks . | . . . Damage Inflicted 244 | . 111 133 Guns 210 | . 111 99 Cannons . | . . . Explosions . | . . . Melee . | . . . Ramming 34 | . . 34 Kinetic . | . . . Thermal 148 | . 49 99 Explosive . | . . . Electromagnetic 62 | . 62 . Impact . | . . . Slashing . | . . . Piercing . | . . . Highest Corruption . | . . . Average Corruption . | . . . Corruption Purged . | . . . Overload Shots . | . . . Overflow Damage . | . . . Projectiles . | . . . Explosions . | . . . Melee . | . . . Knockbacks . | . . . Impact . | . . . Kinetic . | . . . Secondary . | . . . Self-Inflicted Damage 16 | . . 16 Shots . | . . . Rammed 7 | . . 7 Targets Rammed 7 | . . 7 Kicked . | . . . Crushed . | . . . Highest Temperature 78 | . 25 78 Average Temperature 25 | . 8 33 Received Heat Transfer 240 | . 78 162 Siege Activations . | . . . Robots Corrupted . | . . . Combat Hostiles . | . . . Parts Fried . | . . . Impact Corruptions . | . . . Robots Melted . | . . . Combat Hostiles . | . . . Parts Melted 1 | . . 1 Heat Transferred 444 | . 148 296 Parts Sabotaged . | . . . Parts Stolen . | . . . Parts Stripped . | . . . Power Chain Reactions . | . . . Missiles Intercepted . | . . . Alert | -11 -10 -9 ------- Run | Scr Mat Mat Peak Influence 138 | . 24 138 Average Influence 42 | . 11 62 Maximum Alert Level . | . . . Low Security (%) 100 | 100 100 100 Level 1 . | . . . Level 2 . | . . . Level 3 . | . . . Level 4 . | . . . Level 5 . | . . . High Security . | . . . Max Security . | . . . Squads Dispatched 4 | . 1 3 Investigation 3 | . 1 2 Extermination . | . . . Reinforcement 1 | . . 1 Assault . | . . . Garrison . | . . . Intercept . | . . . Construction Impeded . | . . . Haulers Reinforced . | . . . Stealth | -11 -10 -9 --------- Run | Scr Mat Mat Distress Signals 5 | . . 5 Communications Jammed . | . . . Distress Signals . | . . . Times Spotted 27 | . 6 21 Peak Tracking Total 11 | . 5 11 Tactical Retreats 3 | . . 3 Traps | -11 -10 -9 ------- Run | Scr Mat Mat Traps Triggered 2 | . 2 . Indirectly . | . . . Trap Hack Attempts . | . . . Triggered . | . . . Disarmed . | . . . Reprogrammed . | . . . Reused . | . . . Traps Extracted . | . . . Installed . | . . . Triggered . | . . . Machines | -11 -10 -9 ---------- Run | Scr Mat Mat Machines Disabled . | . . . Max in Single Turn . | . . . Machines Sabotaged . | . . . Garrisons Compromised . | . . . Overloaded Fab Kills . | . . . Fab Network Shutdowns . | . . . Hacking | -11 -10 -9 --------- Run | Scr Mat Mat Machines Accessed 5 | . 1 4 Terminals 5 | . 1 4 Fabricators . | . . . Repair Stations . | . . . Recycling Units . | . . . Scanalyzers . | . . . Garrison Access . | . . . Total Hacks 15 | . 4 11 Successful 5 | . 3 2 Failed 10 | . 1 9 Catastrophic 2 | . . 2 Database Lockouts . | . . . Manual 12 | . 3 9 Terminals 15 | . 4 11 Fabricators . | . . . Repair Stations . | . . . Recycling Units . | . . . Scanalyzers . | . . . Garrison Access . | . . . Terminal Hacks . | . . . Fabricator Hacks . | . . . Repair Station Hacks . | . . . Recycling Unit Hacks . | . . . Scanalyzer . | . . . Garrison Access Hacks . | . . . Unauthorized Hacks 5 | . 3 2 Terminals 5 | . 3 2 Track 2 | . 1 1 Assimilate 1 | . 1 . Botnet 1 | . 1 . Disrupt 1 | . . 1 Fabricators . | . . . Repair Stations . | . . . Recycling Units . | . . . Scanalyzers . | . . . Garrison Access . | . . . Data Cores Recovered . | . . . Used . | . . . Hacking Detections 5 | . 1 4 Full Trace Events 2 | . . 2 Feedback Events . | . . . Feedback Blocked . | . . . Robot Schematics Acquired . | . . . Robots Built . | . . . Matter . | . . . Time . | . . . Total Robot Build Rating . | . . . Part Schematics Acquired . | . . . Parts Built . | . . . Matter . | . . . Time . | . . . Total Part Build Rating . | . . . Parts Repaired . | . . . Time . | . . . Parts Recycled . | . . . Recycled Matter . | . . . Retrieved Matter . | . . . Retrieved Components . | . . . Parts Scanalyzed . | . . . Part Schematics Acquired . | . . . Parts Damaged . | . . . Bothacking | -11 -10 -9 ------------ Run | Scr Mat Mat Used RIF Installer . | . . . Robots Hacked . | . . . Non-combat . | . . . Combat . | . . . Robot Hacks Applied . | . . . Relay Couplers Released . | . . . Robots Rewired . | . . . Allies Hacked . | . . . Hacks Repelled . | . . . Allies | -11 -10 -9 -------- Run | Scr Mat Mat Total Allies 1 | . 1 . Largest Group 1 | . 1 . Highest-Rated Group 10 | . 10 . Highest-Rated Ally 10 | . 10 . Total Orders . | . . . Ally Attacks . | . . . Total Damage . | . . . Kills . | . . . Allies Corrupted . | . . . Allies Melted . | . . . Intel | -11 -10 -9 ------- Run | Scr Mat Mat Robot Analysis Total . | . . . Derelict Logs Recovered . | . . . Drone Launches . | . . . Drone Recoveries . | . . . Exploration | -11 -10 -9 ------------- Run | Scr Mat Mat Turns Passed 282 | 15 95 172 Spaces Moved 361 | 28 103 230 Core 361 | 28 103 230 Treads . | . . . Legs . | . . . Wheels . | . . . Hover . | . . . Flight . | . . . Fastest Speed 50 | 50 50 50 Average Speed 51 | 50 50 53 Slowest Speed 250 | 50 50 250 Overloaded Moves . | . . . Propulsion Burnouts . | . . . Robots Hopped . | . . . Cave-ins Triggered . | . . . Exploration Rate (%) 21 | 3 29 32 Regions Visited 2 Branch Regions . Pre-discovered Areas . | . . . Known Exits Taken . | . . . Unknown Exits Taken 2 | 1 1 . Scrap Searched . | . . . Spaces Dug . | . . . Terrain Destroyed . | . . . Melee . | . . . Projectile . | . . . AOE . | . . . Actions | -11 -10 -9 --------- Run | Scr Mat Mat Total 432 | 28 132 272 Wait 31 | . 13 18 Move 359 | 27 102 230 Hop . | . . . Pick Up 2 | 1 . 1 Fast Attach 3 | . 2 1 Attach 4 | . 1 3 Detach 4 | . 1 3 Swap . | . . . Drop . | . . . Fire 22 | . 13 9 Melee . | . . . Ram 7 | . . 7 Kick . | . . . Crush . | . . . Escape Stasis . | . . . Rewire . | . . . Trap . | . . . Miscellaneous . | . . . Route ------- -11/Scrapyard -10/Materials -9/Materials (discovered 1 exit: [*Mat]) History --------- Turn | Location | Event 4 | -11/Scrapyard | Discovered new exit (range 15) 16 | -11/Scrapyard | Entered Materials 107 | -10/Materials | Discovered new exit (range 7) 111 | -10/Materials | Entered another Materials area 111 | -9/Materials | Evolved 2 slots: Power x1, Propulsion x1 238 | -9/Materials | Core integrity fell below 50% 275 | -9/Materials | Core integrity fell below 20% 278 | -9/Materials | Discovered new exit (range 16) 283 | -9/Materials | Destroyed by S-10 Pest with Light Assault Rifle Last Messages --------------- Trojan loaded successfully. Testing... Tracking enabled and active. 00207_ ALERT: Suspicious activity at Terminal M004. Dispatching Investigation squad. 00218_ Heat Sink melted. 00218_ G-34 Mercenary destroyed. 00220_ Med. Laser destroyed. 00228_ Connecting with Terminal... 00242_ W-16 Scout sends out distress signal. 00255_ K-01 Serf collects debris. 00263_ Slammed into Y-45 Defender. 00265_ K-01 Serf collects debris. 00266_ Slammed into Y-45 Defender. 00269_ W-16 Scout sends out distress signal. 00273_ Slammed into S-10 Pest. 00273_ S-10 Pest destroyed. 00274_ Acquired 18 matter. 00274_ Slammed into S-10 Pest. 00278_ EXIT=FOUND Map ----- +----------------------------------------------------+ | ???????????????????????????????????####### | | ???????????????????????????????????# g | | ???????????????????????????????????# g | | ???????????????????????????????????# | | ???????????????????????????????????# g | | ???????????????????????????????????# | | ???????????????????????????????????####### | | ??????????????????????????????????????#### | | ??????????????????????????????????? | | ??????????????????????????????????? | | ??????????????????????????????????? | | ?????????????????????????????????? ##### | | ?????????????????????????????????? #???? | | ?????????????????????????????????? #???? | | ?????????????????????????????????? #???? | | ??????????????????##+#####???????# #???? | | ??????????????????? #???????# #???? | | ??????????????????? #???????# #???? | | ?????????????#?????? ????????# #???? | | ?????????????# ????? ????????# ##### | | ?????????????# ?????? ?????????# ## [ | | ?????????????# ????? ????????## ## | | ???????????### ######+######+### # | | ???????????# s # | | ???????????# < + "" | | ???????????# @ s # "" | | ???????????##### ##########+### # "" | | ???????????????# #???????? ?###=### | | ???????????????# #???????? ???# #####+ | | ???????????????+ #??????? ??#* | | ???????????????# ??????? ??# | | ???????????????# #?????? #?# | | ???????????????# #?????? #?# | | ???????????????##+##?????##########+##### | | ??????????????????????????????# # | | ??????????????????????????????# # | | ??????????????????????????????# #/ | | ??????????????????????????????# # | | ??????????????????????????????########### | | ????????????????????????????????????????# | | ????????????????????????????????????????# | | ????????????????????????????????????????## | | ?????????????????????????????????????????? | | ?????????????????????????????????????????? | | ?????????????????????????????????????????? | | ?????????????????????????????????????????? | | ?????????????????????????????????????????? | | ?????????????????????????????????????????? | | ?????????????????????????????????????????? | | ?????????????????????????????????????????? | +----------------------------------------------------+ Best States ------------- Heat Dissipation 28 Energy Generation 21 Energy Capacity 325 Matter Stores 239 Matter Capacity 300 Sight Range 16 Terrain Scan Density 10 Evasion (%) 50 Item Schematics ----------------- None Robot Schematics ------------------ None Fabricated ------------ Nothing Alien Tech Used ----------------- None Achievements -------------- None Challenges ------------ None Game ------ Seed NeutronWavePrototype Manual? 0 Play Time 00:09:28 Cumulative 255.9 hours Start 2020.08.27 @ 18:42:33 End 2020.08.27 @ 18:48:31 Sessions 1 Manual Loads 0 Difficulty Rogue Special Mode None Game No. 72 Rogue 53 Adventurer 19 Explorer 0 Win Type - Total 4 Types 2/0/1/1/0/0/0 Lore% 66 Gallery% 70 Achievement% 59 Wizard Run 0 Options --------- ASCII 0 Keyboard 0 Movement Mouse Keybinds 0 Fullscreen 1 Font 14/SmallcapsGlow Map View 84x54 Tactical HUD 1 Map Filters NONE Filters NONE Steam 1 RUN: 300117a0-d6d3-4156-af5f-8b0c2359d3b7